Cogmind - Beta 12 --- EXPLORER MODE // 2024.01.15 @ 10:16:06 Player: PionFour Result: Self-destructed Performance ------------- Evolutions (9) 4500 Regions Visited (30) 6000 Robots Destroyed (151) 755 Value Destroyed (12911) 12911 Prototype IDs (33) 660 Alien Tech Used (2) 400 Bonus (16456) 16456 TOTAL SCORE: 41682 Bonus ------- High Alert Combat Kills 344 Follower Combat Kills 9709 Entered Garrisons 2000 Used RIF Installer 4500 Friendly Fire -97 Cogmind --------- Core Integrity 1267/1600 Matter 270/300 Energy 93/100 System Corruption 2% Temperature Cool (0) Movement Rolling (165) Ox5 Location -1/Garrison Parts ------- > --- POWER (1) -------- (None) > --- PROPULSION (2) --- Armored Wheel > --- UTILITY (21) ----- Advanced Heat Sink Advanced Heat Sink High-capacity Storage Unit Experimental Optical Array Advanced Transmission Jammer Improved Cloaking Device Experimental Thermal Defense Suite Relay Coupler [Swarmer] (51) Relay Coupler [Swarmer] (76) Relay Coupler [Swarmer] (62) Relay Coupler [Grunt] (3) Relay Coupler [Brawler] (94) Relay Coupler [Brawler] (61) Relay Coupler [Duelist] (38) Relay Coupler [Sentry] (26) Relay Coupler [Demolisher] (53) Relay Coupler [Specialist] (42) Relay Coupler [Hunter] (31) Relay Coupler [Heavy] (30) > --- WEAPON (2) ------- Enhanced Nova Cannon > --- INVENTORY (20) --- Light Quantum Reactor Improved Trap Scanner Long-range Terrain Scanner Relay Coupler [NC] (51) Relay Coupler [Grunt] (62) Relay Coupler [Grunt] (47) Relay Coupler [Duelist] (60) Relay Coupler [Duelist] (64) Relay Coupler [Specialist] (51) Relay Coupler [Hunter] (35) Subatomic Replicator Core Cannon Advanced Remote Datajack Peak State ------------ > --- POWER ------------ Light Quantum Reactor > --- PROPULSION ------- Armored Wheel Armored Wheel > --- UTILITY ---------- High-capacity Storage Unit Experimental Optical Array Advanced Transmission Jammer Improved Cloaking Device Heavy Reactive Plating Experimental Thermal Defense Suite Experimental Shock Absorption System EM Disruption Field Phase Redirector Relay Coupler [NC] Relay Coupler [Swarmer] Relay Coupler [Grunt] Relay Coupler [Brawler] Relay Coupler [Duelist] Relay Coupler [Sentry] Relay Coupler [Demolisher] Relay Coupler [Specialist] Relay Coupler [Hunter] Relay Coupler [Heavy] Relay Coupler [Proto] > --- WEAPON ----------- Enhanced Nova Cannon Advanced Remote Datajack > --- INVENTORY -------- Light Quantum Reactor Light Quantum Reactor Armored Wheel Advanced Heat Sink Advanced Heat Sink Improved Trap Scanner Long-range Terrain Scanner Relay Coupler [Swarmer] Relay Coupler [Brawler] Relay Coupler [Duelist] Relay Coupler [Specialist] Advanced System Restoration Module Subatomic Replicator Enhanced Nova Cannon Core Cannon Advanced Remote Datajack Force Lance [Rating: 160] Favorites ----------- Power Light Quantum Reactor Engine Improved Ion Engine Power Core Fusion Compressor Reactor Light Quantum Reactor Propulsion Armored Wheel Treads Light Treads Leg Aluminum Leg Wheel Armored Wheel Hover Unit Backup Propulsion VII Utility High-capacity Storage Unit Device Advanced Thermal Shield Storage High-capacity Storage Unit Processor Improved Terrain Scan Processor Hackware Relay Coupler [Grunt] Protection Heavy Reactive Plating Artifact Phase Redirector Weapon Enhanced Nova Cannon Energy Gun Beam Rifle Energy Cannon Enhanced Nova Cannon Ballistic Gun Assault Rifle Launcher Long-range Missile Launcher Special Weapon Improved Remote Datajack Impact Weapon Heavy Hammer Slashing Weapon Scythe Piercing Weapon Force Lance Special Melee Weapon Datajack Build | -11 -10 -10 -9 -9 -9 -9 -7 -7 -7 -7 -6 -6 -6 -6 -6 -6 -5 -5 -4 -4 -4 -4 -3 -3 -3 -3 -2 -2 -1 -1 ------- Run | Jun Mat Min Mat Sto Gar Rec Fac Was Fac Gar Fac Was Fac Gar Fac Gar Fac Gar Fac Gar Fac Gar Res Gar Res Gar Res Qua Acc Gar Slots Evolved 19 | . 1 . 2 . . . 4 . . . 2 . . . . . 2 . 2 . . . 2 . . . 2 . 2 . Power . | . . . . . . . . . . . . . . . . . . . . . . . . . . . . . . . Propulsion . | . . . . . . . . . . . . . . . . . . . . . . . . . . . . . . . Utility 19 | . 1 . 2 . . . 4 . . . 2 . . . . . 2 . 2 . . . 2 . . . 2 . 2 . Weapon . | . . . . . . . . . . . . . . . . . . . . . . . . . . . . . . . Parts Attached 423 | 2 19 4 17 4 23 8 20 . 10 30 5 13 . 14 7 11 16 24 43 12 8 18 5 16 4 18 30 22 3 17 Power 15 | . 1 . 1 . . . 1 . . 2 . 1 . . 2 . . . 1 2 . . . . . 2 . 1 . 1 Engine 5 | . 1 . 1 . . . 1 . . 2 . . . . . . . . . . . . . . . . . . . . Core 1 | . . . . . . . . . . . . . . . 1 . . . . . . . . . . . . . . . Reactor 9 | . . . . . . . . . . . . 1 . . 1 . . . 1 2 . . . . . 2 . 1 . 1 Propulsion 32 | 2 . . 3 . . 4 4 . 1 . . 4 . . . 2 . 2 4 . . 2 . . . . 3 . . 1 Treads 8 | 2 . . 3 . . 1 . . . . . 1 . . . . . . 1 . . . . . . . . . . . Leg . | . . . . . . . . . . . . . . . . . . . . . . . . . . . . . . . Wheel 23 | . . . . . . 3 4 . 1 . . 3 . . . 2 . 2 3 . . 2 . . . . 2 . . 1 Hover 1 | . . . . . . . . . . . . . . . . . . . . . . . . . . . 1 . . . Flight . | . . . . . . . . . . . . . . . . . . . . . . . . . . . . . . . Utility 217 | . 5 1 6 1 7 3 7 . 4 14 4 4 . 4 3 3 15 10 24 6 5 12 2 11 4 10 25 14 3 10 Device 122 | . 2 1 4 1 4 1 3 . 3 6 4 2 . 3 1 . 10 4 19 1 3 3 2 4 2 3 20 9 3 4 Storage 3 | . 1 . . . . . . . . . . . . . . . . . 1 . . . . . . . 1 . . . Processor 8 | . . . 1 . 1 . . . . . . . . . . . 1 . . . 2 . . 1 1 . . 1 . . Hackware 58 | . . . . . . 2 2 . 1 4 . . . 1 2 3 2 6 2 5 . 9 . 4 . 7 2 1 . 5 Protection 23 | . 2 . 1 . 2 . 2 . . 4 . 2 . . . . 2 . 2 . . . . 2 1 . 2 1 . . Artifact 3 | . . . . . . . . . . . . . . . . . . . . . . . . . . . . 2 . 1 Weapon 159 | . 13 3 7 3 16 1 8 . 5 14 1 4 . 10 2 6 1 12 14 4 3 4 3 5 . 6 2 7 . 5 Energy Gun 45 | . 1 3 6 2 11 . 3 . . . . 1 . 4 1 2 1 4 4 . 2 . . . . . . . . . Energy Cannon 26 | . 3 . . . . . 1 . . 4 . 1 . . . . . . 1 2 1 2 1 3 . 2 . 4 . 1 Ballistic Gun 8 | . 5 . . . . . . . 1 1 . . . . . . . . . . . . . . . 1 . . . . Ballistic Cannon . | . . . . . . . . . . . . . . . . . . . . . . . . . . . . . . . Launcher 12 | . 1 . . 1 1 . 2 . . 2 . 1 . . . . . 2 1 1 . . . . . . . . . . Special Weapon 24 | . 2 . . . . . . . 1 3 1 . . 2 1 1 . 1 3 1 . . . . . 1 2 3 . 2 Impact Weapon 5 | . . . . . 4 1 . . . . . . . . . . . . . . . . . . . . . . . . Slashing Weapon 6 | . 1 . . . . . . . 2 3 . . . . . . . . . . . . . . . . . . . . Piercing Weapon 23 | . . . . . . . . . . 1 . 1 . 3 . 3 . 3 3 . . 2 2 2 . 1 . . . 2 Special Melee Weapon 10 | . . . 1 . . . 2 . 1 . . . . 1 . . . 2 2 . . . . . . 1 . . . . Unidentified Prototypes 10 | . . . . . . . . . . . . . . . . . . . . . . . . . 1 . 7 2 . . Corrupted Parts 5 | . . . . . . 5 . . . . . . . . . . . . . . . . . . . . . . . . System Corruption 11 | . . . . . . 11 . . . . . . . . . . . . . . . . . . . . . . . . Parts Lost 37 | . . . . . 1 . 1 . . 2 . 1 . . . . . 12 3 . . . . . . 2 . . . 15 Power 2 | . . . . . . . . . . . . . . . . . . . . . . . . . . . . . . 2 Propulsion 3 | . . . . . . . . . . . . . . . . . . 1 . . . . . . . . . . . 2 Utility 28 | . . . . . 1 . 1 . . 2 . 1 . . . . . 10 3 . . . . . . 2 . . . 8 Weapon 4 | . . . . . . . . . . . . . . . . . . 1 . . . . . . . . . . . 3 Highest Loss Streak 11 | . . . . . 1 . 1 . . 2 . 1 . . . . . 6 1 . . . . . . 1 . . . 11 To Critical Strikes . | . . . . . . . . . . . . . . . . . . . . . . . . . . . . . . . Average Slot Usage (%) 93 | . 99 99 100 100 99 100 92 100 100 99 99 80 81 81 81 80 86 94 93 92 95 95 95 94 94 94 94 94 96 79 Engine 3 | . 12 12 10 10 10 10 7 7 7 7 6 4 . . . . . . . . . . . . . . . . . . Reactor 3 | . . . . . . . . . . . . 1 6 6 6 6 5 5 4 5 5 5 4 4 4 3 4 4 3 3 Treads 4 | . 25 25 20 20 20 19 . . . . . . . . . . . . 1 . . . . . . . . . . . Wheel 7 | . . . . . . . 13 14 14 14 12 10 12 12 12 11 11 11 6 10 10 10 9 9 9 9 7 8 7 3 Device 17 | . 12 12 18 20 25 20 21 21 19 27 30 25 31 25 17 12 15 24 33 25 15 6 13 11 9 1 11 13 23 20 Storage 6 | . 12 12 10 10 10 10 7 7 7 7 6 6 6 6 6 6 5 5 5 5 5 5 4 4 4 4 4 4 3 3 Processor 3 | . . . 10 10 4 10 . . . . . . . . . . 3 3 . . 5 5 4 8 9 9 4 5 3 3 Hackware 26 | . . . . . . . 21 28 29 9 12 12 6 11 18 25 25 23 28 31 40 48 45 41 45 52 48 45 42 34 Protection 6 | . 11 12 11 10 9 10 7 7 7 18 18 6 6 6 6 6 5 8 2 5 5 5 4 3 3 4 4 3 3 . Energy Gun 3 | . . 17 19 14 14 11 6 7 6 . . 1 . 4 . 2 . 2 2 . 5 . . . . . . . . . Energy Cannon 2 | . 4 3 . . . . . . . 5 6 1 6 . . . . . 1 1 . 3 3 3 4 3 4 4 3 2 Special Weapon 2 | . . . . . . . . . . 1 4 . . 2 6 5 5 1 2 3 5 5 4 4 4 2 3 3 3 2 Piercing Weapon 1 | . . . . . . . . . . 1 . 5 6 4 5 3 4 3 2 3 . . 1 1 . . . . . . Naked Turns . | . . . . . . . . . . . . . . . . . . . . . . . . . . . . . . . Heaviest Build 144 | 19 59 53 63 60 64 62 71 62 64 95 92 133 133 135 126 119 122 101 131 123 115 116 115 123 112 122 125 144 122 134 Greatest Support 84 | 40 40 40 43 43 43 43 24 24 24 24 24 70 24 24 24 24 24 24 84 24 24 24 24 24 24 24 24 24 24 24 Greatest Overweight (x) 41 | . 1 1 1 1 1 2 5 2 2 3 3 41 5 5 5 4 5 4 10 5 4 4 4 5 4 5 39 5 5 6 Average Overweight (x) 3 | . . 1 1 1 1 1 2 2 2 2 3 4 5 5 4 4 3 3 3 4 4 4 4 4 3 3 4 4 5 5 Largest Inventory Capacity 20 | 10 20 20 20 20 20 20 20 20 20 20 20 20 20 20 20 20 20 20 20 20 20 20 20 20 20 20 20 20 20 20 Average Capacity 19 | 10 16 20 20 20 20 20 20 20 20 20 20 20 20 20 20 20 20 20 20 20 20 20 20 20 20 20 20 20 20 20 Most Carried 20 | 10 17 20 20 20 20 20 20 20 20 20 20 20 19 20 20 20 20 19 20 20 20 20 19 20 20 20 20 20 19 18 Average Carried 18 | 7 12 19 19 20 19 19 19 20 19 19 18 19 19 19 19 19 18 15 18 19 19 19 18 18 19 19 17 18 18 15 Final Capacity 20 | 10 20 20 20 20 20 20 20 20 20 20 20 20 20 20 20 20 20 20 20 20 20 20 20 20 20 20 20 20 20 20 Final Carried 20 | 10 17 20 20 20 20 18 20 20 20 20 20 19 19 20 20 20 16 14 20 20 20 20 19 20 19 18 16 20 18 14 Class Distribution -------------------- 55% | Botlord-Mutant 25% | Hacker-Mutant 16% | Bothacker-Mutant Dominant Class ---------------- Hacker-Mutant | -10/Materials Hacker-Mutant | -10/Mines Scavenger-Mutant | -9/Materials Hacker-Mutant | -9/Storage Hacker-Mutant | -9/Garrison Hacker-Mutant | -9/Recycling Hacker-Mutant | -7/Factory Hacker-Mutant | -7/Waste Hacker-Mutant | -7/Factory Bothacker-Mutant | -7/Garrison Bothacker-Mutant | -6/Factory Bothacker-Mutant | -6/Waste Bothacker-Mutant | -6/Factory Bothacker-Mutant | -6/Garrison Bothacker-Mutant | -6/Factory Bothacker-Mutant | -6/Garrison Botlord-Mutant | -5/Factory Botlord-Mutant | -5/Garrison Botlord-Mutant | -4/Factory Botlord-Mutant | -4/Garrison Botlord-Mutant | -4/Factory Botlord-Mutant | -4/Garrison Botlord-Mutant | -3/Research Botlord-Mutant | -3/Garrison Botlord-Mutant | -3/Research Botlord-Mutant | -3/Garrison Botlord-Mutant | -2/Research Botlord-Mutant | -2/Quarantine Botlord-Mutant | -1/Access Botlord-Mutant | -1/Garrison Resources | -11 -10 -10 -9 -9 -9 -9 -7 -7 -7 -7 -6 -6 -6 -6 -6 -6 -5 -5 -4 -4 -4 -4 -3 -3 -3 -3 -2 -2 -1 -1 ----------- Run | Jun Mat Min Mat Sto Gar Rec Fac Was Fac Gar Fac Was Fac Gar Fac Gar Fac Gar Fac Gar Fac Gar Res Gar Res Gar Res Qua Acc Gar Matter Collected 6529 | 232 171 135 170 17 208 90 180 . . 739 35 285 . 160 80 230 183 200 624 99 172 448 57 403 131 308 697 260 . 215 Remotely . | . . . . . . . . . . . . . . . . . . . . . . . . . . . . . . . Salvage Created 7817 | 124 263 79 405 175 586 . 178 . . 988 65 476 . 378 . 231 82 181 1063 465 92 191 70 293 . 110 236 305 . 781 Parts 354 | 5 14 5 23 15 34 . 8 . . 40 4 6 . 11 . 12 6 13 56 17 6 7 5 15 . 7 14 16 . 15 Haulers Intercepted 3 | . 1 . 2 . . . . . . . . . . . . . . . . . . . . . . . . . . . Recyclers Shooed 2 | 1 . . . . . . . . . . . . . . . . . . 1 . . . . . . . . . . . Parts Field Recycled . | . . . . . . . . . . . . . . . . . . . . . . . . . . . . . . . Retrieved Matter . | . . . . . . . . . . . . . . . . . . . . . . . . . . . . . . . Parts Self-Destructed . | . . . . . . . . . . . . . . . . . . . . . . . . . . . . . . . Prevented . | . . . . . . . . . . . . . . . . . . . . . . . . . . . . . . . Kills | -11 -10 -10 -9 -9 -9 -9 -7 -7 -7 -7 -6 -6 -6 -6 -6 -6 -5 -5 -4 -4 -4 -4 -3 -3 -3 -3 -2 -2 -1 -1 ------- Run | Jun Mat Min Mat Sto Gar Rec Fac Was Fac Gar Fac Was Fac Gar Fac Gar Fac Gar Fac Gar Fac Gar Res Gar Res Gar Res Qua Acc Gar Combat Hostiles Destroyed 131 | . 5 1 9 5 12 . 5 . . 19 1 2 . 5 . 7 1 6 18 9 2 3 1 3 . 3 1 4 . 9 Melee 45 | . 2 . . . 3 . . . . 7 . . . 5 . 6 1 3 7 4 . 1 . . . 2 . . . 4 Guns 35 | . 3 1 9 4 5 . 2 . . 1 . . . . . 1 . 2 5 . 2 . . . . . . . . . Cannons 27 | . . . . . . . . . . 6 1 . . . . . . . 5 1 . 2 1 2 . 1 1 4 . 3 AOE 18 | . . . . 1 2 . 2 . . 4 . 2 . . . . . 1 1 4 . . . 1 . . . . . . Classes Destroyed 17 | 2 5 1 1 . . . 1 . . 4 . 1 . . . . . . 1 . . 1 . . . . . . . . Worker 6 | . . . . . . . 1 . . . . . . . . . . . 3 . . . . . . . 1 1 . . Builder 3 | . 1 . . . . . . . . . . . . . . . . . 1 . . . . . . . 1 . . . Tunneler 2 | 1 . 1 . . . . . . . . . . . . . . . . . . . . . . . . . . . . Hauler 3 | . 1 . 2 . . . . . . . . . . . . . . . . . . . . . . . . . . . Recycler 3 | 1 . . . . . . . . . . . . . . . . . . 1 . . . . . . . 1 . . . Watcher 3 | . 2 . . . . . . . . . . . . . . . . . . . 1 . . . . . . . . . Swarmer 25 | . 2 . 3 3 4 . . . . 4 . . . . . 1 . . 2 1 2 . . . . 3 . . . . Cutter 7 | . . . . . . . . . . 2 . . . . . 3 . 2 . . . . . . . . . . . . Grunt 51 | . 3 . 3 . 4 . 4 . . 4 . . . 5 . 2 . 1 7 7 . 1 1 2 . . . 2 . 5 Brawler 4 | . . . . . . . . . . 4 . . . . . . . . . . . . . . . . . . . . Duelist 3 | . . . 1 . . . . . . . 1 . . . . . . . . . . . . 1 . . . . . . Sentry 20 | . . 1 2 2 4 . 1 . . 2 . . . . . 1 1 1 3 . . . . . . . . . . 2 Demolisher 1 | . . . . . . . . . . . . . . . . . . . . . . 1 . . . . . . . . Specialist 1 | . . . . . . . . . . . . . . . . . . . 1 . . . . . . . . . . . Hunter 2 | . . . . . . . . . . 1 . . . . . . . . . 1 . . . . . . . . . . Programmer 15 | . . . . . . . . . . 2 . . . . . . . 2 5 . . 1 . . . . 1 2 . 2 Compactor 2 | . . . . . . . . . . . . 2 . . . . . . . . . . . . . . . . . . Best Kill Streak 7 | 2 3 1 3 5 2 . 4 . . 3 1 1 . 2 . 3 1 2 7 4 2 2 1 1 . 2 1 5 . 2 Combat Bots Only 5 | . 3 1 3 5 2 . 3 . . 3 1 1 . 2 . 3 1 2 4 4 2 2 1 1 . 2 1 4 . 2 Max Kills in Single Turn 3 | 1 1 1 2 1 1 . 2 . . 3 1 1 . 1 . 1 1 1 2 1 1 1 1 1 . 1 1 1 . 1 Gunslinging 1 | . . . 1 . . . . . . . . . . . . . . . . . . . . . . . . . . . Exploded 3 | . . . . 1 1 . 1 . . 3 . 1 . . . . . 1 1 1 . . . 1 . . . . . . Melee 1 | . 1 . . . 1 . . . . 1 . . . 1 . 1 1 1 1 1 . 1 . . . 1 . . . 1 Uniques/NPCs Destroyed . | . . . . . . . . . . . . . . . . . . . . . . . . . . . . . . . Combat | -11 -10 -10 -9 -9 -9 -9 -7 -7 -7 -7 -6 -6 -6 -6 -6 -6 -5 -5 -4 -4 -4 -4 -3 -3 -3 -3 -2 -2 -1 -1 -------- Run | Jun Mat Min Mat Sto Gar Rec Fac Was Fac Gar Fac Was Fac Gar Fac Gar Fac Gar Fac Gar Fac Gar Res Gar Res Gar Res Qua Acc Gar Damage Taken 7744 | . 224 36 178 64 271 . 172 . 37 755 52 80 12 132 29 396 13 1277 760 181 30 187 24 105 113 315 336 486 . 1479 Core 914 | . 4 . 30 . 16 . 17 . . 108 11 . . 7 . 23 . 160 69 8 . 14 3 31 . . 30 50 . 333 Absorbed by Shields 1601 | . . . 39 . 123 . 43 . . 80 . . . 99 . . . 16 339 596 66 67 2 79 . . . . . 52 Reduced by Siege Mode 45 | . . . . . . . . . . . . . . . . . . . 45 . . . . . . . . . . . Redirected to Core 72 | . . . . . . . . . . . . . . . . . . . . . . . . . . . . 24 . 48 Redirected to Shielding 119 | . . 3 . . . . . . . . . . . . . . . 116 . . . . . . . . . . . . Regen/Repaired (Parts) 1119 | . . . . . . . 69 . . . . 89 . 30 . . . . 171 . 25 . . . 487 . 248 . . . Core Remaining (%) 92 | 100 . 98 . . . 88 . . . 82 . . . . . 95 . 84 . . . 92 . . . 97 . 94 . . Volleys Fired 639 | 3 22 2 34 12 30 . 18 . 4 46 10 16 . 6 6 32 9 37 33 16 17 42 4 56 15 36 69 23 . 41 Largest 2 | 2 2 2 2 2 2 . 2 . 1 2 1 1 . 1 1 1 1 1 2 1 1 1 1 1 1 1 1 2 . 1 Hottest 240 | 40 100 100 121 80 121 . 135 . 55 108 80 80 . 94 5 94 5 94 182 120 65 120 120 120 120 120 120 240 . 120 Shots Fired 738 | 6 38 4 64 15 56 . 22 . 4 54 10 16 . 6 6 32 9 37 37 16 17 42 4 56 15 36 69 28 . 39 Gun 272 | 6 36 2 64 15 54 . 12 . 3 5 . . . 4 . 12 . 25 22 . 12 . . . . . . . . . Cannon 214 | . . 2 . . . . 4 . . 38 7 7 . . . . . . 10 7 . 15 3 22 3 17 25 21 . 33 Launcher 35 | . . . . . 2 . 6 . . 3 . 9 . . . . . 10 1 4 . . . . . . . . . . Special 217 | . 2 . . . . . . . 1 8 3 . . 2 6 20 9 2 4 5 5 27 1 34 12 19 44 7 . 6 Kinetic 45 | 6 34 . . . . . . . . 5 . . . . . . . . . . . . . . . . . . . . Thermal 360 | . 2 2 46 . 23 . 4 . . 38 7 7 . 4 . 12 . 25 32 7 12 15 3 22 3 17 25 21 . 33 Explosive 35 | . . . . . 2 . 6 . . 3 . 9 . . . . . 10 1 4 . . . . . . . . . . Electromagnetic 83 | . 2 2 18 15 31 . 12 . 3 . . . . . . . . . . . . . . . . . . . . . Robot Hit Streak 54 | 5 16 19 39 7 23 . 25 . 28 16 10 17 . 20 21 19 28 44 51 15 7 22 24 29 13 14 33 23 . 54 Robot Miss Streak 3 | . 1 . 1 1 2 . . . . 1 1 . . . 1 1 . . 1 1 3 1 . 1 . 1 1 . . . Penetration Max . | . . . . . . . . . . . . . . . . . . . . . . . . . . . . . . . Secondary Targets 1 | . . . 1 . . . . . . . . . . . . . . . . . . . . . . . . . . . Max Gunslinging Chain 1 | . . . 1 . . . . . . . . . . . . . . . . . . . . . . . . . . . Shots Hit Robots 744 | 5 39 3 58 14 61 . 26 . 4 68 8 15 . 17 5 35 11 22 69 22 10 33 2 35 12 52 51 22 . 45 Core Hits 261 | 3 13 4 25 9 33 . 13 . 1 33 2 7 . 7 . 8 1 14 35 17 4 3 1 3 . 3 4 6 . 12 Critical Kills 4 | . 1 . . . . . . . . 1 . . . . . . . . 1 . . . . . . . . . . 1 Critical Parts Destroyed 3 | . . . . . 1 . . . . 1 . . . . . . . . 1 . . . . . . . . . . . Critical Strikes 27 | . 1 . 4 . 2 . . . . 4 . . . 1 . . . 1 6 2 . . . . . 1 . . . 5 Burn 4 | . . . 4 . . . . . . . . . . . . . . . . . . . . . . . . . . . Meltdown 2 | . . . . . . . . . . 1 . . . . . . . . . . . . . . . . . . . 1 Destroy 4 | . 1 . . . . . . . . 1 . . . . . . . . 2 . . . . . . . . . . . Smash 2 | . . . . . 2 . . . . . . . . . . . . . . . . . . . . . . . . . Sever 2 | . . . . . . . . . . 2 . . . . . . . . . . . . . . . . . . . . Impale 13 | . . . . . . . . . . . . . . 1 . . . 1 4 2 . . . . . 1 . . . 4 Melee Attacks 312 | . 12 . 1 . 18 1 9 . 3 46 . . . 25 . 24 2 26 49 19 . 13 2 12 . 36 . . . 14 Impact 20 | . . . . . 18 1 1 . . . . . . . . . . . . . . . . . . . . . . . Slashing 51 | . 12 . . . . . . . 2 37 . . . . . . . . . . . . . . . . . . . . Piercing 186 | . . . . . . . . . . 9 . . . 25 . 24 2 23 40 19 . 13 2 12 . 3 . . . 14 Sneak Attacks 48 | . . . 1 . . . 7 . . 1 . . . . . 1 . . 6 1 . . . . . 31 . . . . Combat Hostiles 35 | . . . 1 . . . . . . 1 . . . . . 1 . . . 1 . . . . . 31 . . . . Follow-up Attacks . | . . . . . . . . . . . . . . . . . . . . . . . . . . . . . . . Damage Inflicted 18815 | 55 582 56 785 207 1169 . 1085 . 23 2324 130 1467 . 745 . 654 82 1128 2942 1499 149 227 45 364 . 252 522 739 . 1584 Guns 3564 | 55 346 23 785 170 740 . 159 . 23 132 . . . 33 . 117 . 266 566 . 149 . . . . . . . . . Cannons 4913 | . . 17 . . . . 108 . . 944 130 178 . . . . . . 442 211 . 138 45 258 . 127 522 739 . 1054 Explosions 5043 | . . . . 37 153 . 789 . . 396 . 1289 . . . . . 751 785 843 . . . . . . . . . . Melee 5275 | . 234 . . . 276 . 29 . . 852 . . . 712 . 537 82 111 1147 445 . 89 . 106 . 125 . . . 530 Ramming 20 | . 2 16 . . . . . . . . . . . . . . . . 2 . . . . . . . . . . . Kinetic 505 | 55 318 . . . . . . . . 132 . . . . . . . . . . . . . . . . . . . . Thermal 6984 | . . 17 606 37 297 . 108 . . 944 130 178 . 33 . 117 . 266 1008 211 149 138 45 258 . 127 522 739 . 1054 Explosive 5006 | . . . . . 153 . 789 . . 396 . 1289 . . . . . 751 785 843 . . . . . . . . . . Electromagnetic 1025 | . 28 23 179 170 443 . 159 . 23 . . . . . . . . . . . . . . . . . . . . . Impact 305 | . . . . . 276 . 29 . . . . . . . . . . . . . . . . . . . . . . . Slashing 974 | . 234 . . . . . . . . 740 . . . . . . . . . . . . . . . . . . . . Piercing 3996 | . . . . . . . . . . 112 . . . 712 . 537 82 111 1147 445 . 89 . 106 . 125 . . . 530 Highest Corruption 11 | . . . . . . 11 . 5 5 9 . . . . . . . 11 3 . . . . 1 1 1 2 3 . 3 Average Corruption 3 | . . . . . . 7 . 5 5 7 . . . . . . . 7 1 . . . . 1 1 1 1 1 . 2 Corruption Purged 10 | . . . . . . . . . . . . . . . . . . . 3 . . . . . . 1 2 3 . 1 Corruption Blocked . | . . . . . . . . . . . . . . . . . . . . . . . . . . . . . . . Effects 109 | . . . . . . 1 . 2 11 51 . . . . . . . 9 11 . . . . 4 7 5 2 2 . 4 Message Errors 22 | . . . . . . 1 . 1 2 11 . . . . . . . 1 3 . . . . . 2 1 . . . . Matter Fused 22 | . . . . . . . . . 2 11 . . . . . . . 3 1 . . . . 2 1 2 . . . . Heat Flow Errors 17 | . . . . . . . . . 2 6 . . . . . . . . 3 . . . . 1 3 . . 1 . 1 Energy Discharges 18 | . . . . . . . . . 3 11 . . . . . . . 2 1 . . . . . . . . . . 1 Parts Rejected 3 | . . . . . . . . . 1 1 . . . . . . . 1 . . . . . . . . . . . . Parts Fused 1 | . . . . . . . . . . . . . . . . . . . 1 . . . . . . . . . . . Data Loss (minor) 14 | . . . . . . . . . 1 6 . . . . . . . 1 1 . . . . 1 1 1 2 . . . Data Loss (major) 2 | . . . . . . . . . . 2 . . . . . . . . . . . . . . . . . . . . Misfires 4 | . . . . . . . . . . 3 . . . . . . . . . . . . . . . . . 1 . . Alerts 3 | . . . . . . . . 1 . . . . . . . . . . 1 . . . . . . 1 . . . . Misdirections 1 | . . . . . . . . . . . . . . . . . . 1 . . . . . . . . . . . . Weapon Failures 2 | . . . . . . . . . . . . . . . . . . . . . . . . . . . . . . 2 Overload Shots . | . . . . . . . . . . . . . . . . . . . . . . . . . . . . . . . Overflow Damage 581 | . . . . . 59 . 20 . . 28 . 10 . 71 . 15 . 40 131 46 . . . . . 11 15 79 . 56 Projectiles 165 | . . . . . . . . . . . . . . . . . . . 55 6 . . . . . 10 15 79 . . Explosions 164 | . . . . . 40 . 20 . . 28 . 10 . . . . . 40 . 25 . . . . . 1 . . . . Melee 252 | . . . . . 19 . . . . . . . . 71 . 15 . . 76 15 . . . . . . . . . 56 Knockbacks 1 | . . . . . 1 . . . . . . . . . . . . . . . . . . . . . . . . . Impact 1 | . . . . . 1 . . . . . . . . . . . . . . . . . . . . . . . . . Kinetic . | . . . . . . . . . . . . . . . . . . . . . . . . . . . . . . . Secondary . | . . . . . . . . . . . . . . . . . . . . . . . . . . . . . . . Self-Inflicted Damage 157 | . . . . . . . . . . 61 . 18 . . . . . 55 . . . . . . . 23 . . . . Shots 6 | . . . . . . . . . . 2 . 1 . . . . . 2 . . . . . . . 1 . . . . Rammed 6 | . 2 3 . . . . . . . . . . . . . . . . 1 . . . . . . . . . . . Targets Rammed 6 | . 2 3 . . . . . . . . . . . . . . . . 1 . . . . . . . . . . . Kicked . | . . . . . . . . . . . . . . . . . . . . . . . . . . . . . . . Crushed . | . . . . . . . . . . . . . . . . . . . . . . . . . . . . . . . Highest Temperature 357 | 6 32 78 92 2 96 . 200 . 148 271 128 1 . 204 . 204 . 237 357 188 96 190 66 179 216 315 150 148 . 227 Average Temperature 64 | 4 9 43 29 2 43 . 87 . 78 71 58 1 . 87 . 58 . 106 118 94 33 59 37 47 70 75 49 74 . 76 Received Heat Transfer 3016 | . 216 18 60 18 136 . 113 . 24 375 36 18 9 45 . 222 . 214 354 86 2 67 9 13 18 78 108 171 . 606 Siege Activations 1 | . . . . . . . . . . . . . . . . . . . 1 . . . . . . . . . . . Total Turns 34 | . . . . . . . . . . . . . . . . . . . 34 . . . . . . . . . . . Longest Duration 34 | . . . . . . . . . . . . . . . . . . . 34 . . . . . . . . . . . Robots Corrupted 2 | . . . . . 2 . . . . . . . . . . . . . . . . . . . . . . . . . Combat Hostiles 1 | . . . . . 1 . . . . . . . . . . . . . . . . . . . . . . . . . Parts Fried 8 | . 2 . 1 . 4 . 1 . . . . . . . . . . . . . . . . . . . . . . . Impact Corruptions 2 | . . . . . 1 . 1 . . . . . . . . . . . . . . . . . . . . . . . Robots Melted 3 | . . . . . . . . . . 1 . . . . . . . . . . . . . . . . . . . 2 Combat Hostiles 3 | . . . . . . . . . . 1 . . . . . . . . . . . . . . . . . . . 2 Parts Melted 18 | . . . 1 . . . 2 . . 4 . . . 1 . . . 4 . . . . . . . . 1 . . 5 Heat Transferred 9089 | . . 37 1755 50 689 . 200 . . 1448 250 350 . 37 . 148 . 333 1073 185 185 111 37 222 . 111 388 555 . 925 Parts Sabotaged . | . . . . . . . . . . . . . . . . . . . . . . . . . . . . . . . Parts Stolen . | . . . . . . . . . . . . . . . . . . . . . . . . . . . . . . . Parts Stripped . | . . . . . . . . . . . . . . . . . . . . . . . . . . . . . . . Power Chain Reactions 1 | . . . . 1 . . . . . . . . . . . . . . . . . . . . . . . . . . Missiles Intercepted . | . . . . . . . . . . . . . . . . . . . . . . . . . . . . . . . Alert | -11 -10 -10 -9 -9 -9 -9 -7 -7 -7 -7 -6 -6 -6 -6 -6 -6 -5 -5 -4 -4 -4 -4 -3 -3 -3 -3 -2 -2 -1 -1 ------- Run | Jun Mat Min Mat Sto Gar Rec Fac Was Fac Gar Fac Was Fac Gar Fac Gar Fac Gar Fac Gar Fac Gar Res Gar Res Gar Res Qua Acc Gar Peak Influence 1023 | 10 117 43 167 133 435 208 547 82 151 1023 576 221 162 1011 583 641 316 313 276 367 226 449 236 855 419 545 418 87 39 205 Initial 450 | . 4 8 . . 65 141 450 82 43 79 398 138 . 87 394 171 249 11 94 12 142 14 189 99 360 55 230 18 39 24 Average 237 | 7 52 6 81 31 239 77 402 82 67 568 471 110 62 562 410 380 210 179 85 214 123 259 198 416 337 352 155 39 39 128 Maximum Alert Level 3 | . . . . . 2 1 2 . . 3 2 1 . 3 2 2 1 1 1 1 1 2 1 3 2 2 2 . . 1 Low Security (%) 53 | 100 100 100 100 100 39 95 . 100 100 9 . 65 100 17 . 8 29 50 89 38 73 34 67 27 17 20 73 100 100 76 Level 1 26 | . . . . . 56 4 38 . . 24 28 34 . 2 56 54 70 49 10 61 26 41 32 25 77 33 26 . . 23 Level 2 15 | . . . . . 3 . 61 . . 38 71 . . 54 43 37 . . . . . 23 . 30 4 45 . . . . Level 3 3 | . . . . . . . . . . 27 . . . 25 . . . . . . . . . 16 . . . . . . Level 4 . | . . . . . . . . . . . . . . . . . . . . . . . . . . . . . . . Level 5 . | . . . . . . . . . . . . . . . . . . . . . . . . . . . . . . . High Security . | . . . . . . . . . . . . . . . . . . . . . . . . . . . . . . . Max Security . | . . . . . . . . . . . . . . . . . . . . . . . . . . . . . . . Squads Dispatched 38 | . . . . 1 . . . . 1 . . . 1 . 4 . 2 . 4 . . . 3 . 2 . 16 4 . . Investigation 8 | . . . . . . . . . . . . . . . . . 1 . . . . . . . . . 6 1 . . Extermination 8 | . . . . . . . . . 1 . . . . . . . . . 2 . . . . . . . 4 1 . . Reinforcement 12 | . . . . . . . . . . . . . . . 2 . 1 . 1 . . . 1 . 1 . 4 2 . . Assault 3 | . . . . . . . . . . . . . . . 1 . . . 1 . . . . . . . 1 . . . Garrison 7 | . . . . 1 . . . . . . . . 1 . 1 . . . . . . . 2 . 1 . 1 . . . Intercept . | . . . . . . . . . . . . . . . . . . . . . . . . . . . . . . . Searches Triggered . | . . . . . . . . . . . . . . . . . . . . . . . . . . . . . . . Construction Impeded 4 | . . . . . . . . . . . . . . . 2 . . . . . . . . . . . 2 . . . Haulers Reinforced 2 | . . . . . . . . . . . . . . . . . . . . . . . 1 . . . 1 . . . Active Scanning Responses . | . . . . . . . . . . . . . . . . . . . . . . . . . . . . . . . Cargo Convoy Interrupts 2 | . . . . . . . . . . . . . . . . . . . 1 . . . . . . . 1 . . . Alert ID Control Effect 155 | . . . . . . . . . . . . . . . . 10 5 1 3 1 2 8 12 14 8 26 58 5 . 2 Stealth | -11 -10 -10 -9 -9 -9 -9 -7 -7 -7 -7 -6 -6 -6 -6 -6 -6 -5 -5 -4 -4 -4 -4 -3 -3 -3 -3 -2 -2 -1 -1 --------- Run | Jun Mat Min Mat Sto Gar Rec Fac Was Fac Gar Fac Was Fac Gar Fac Gar Fac Gar Fac Gar Fac Gar Res Gar Res Gar Res Qua Acc Gar Distress Signals 13 | . 2 . 2 . . . 1 . . . . . . . . . . . 2 . . . 2 . . . 3 1 . . Communications Jammed 60 | . . . . . . . . . . . . . . . . . 27 . 33 . . . . . . . . . . . Distress Signals 60 | . . . . . . . . . . . . . . . . . 27 . 33 . . . . . . . . . . . Times Spotted 536 | . 11 1 19 5 13 . 9 6 6 31 6 6 4 26 10 34 7 15 37 16 9 26 6 42 18 35 92 21 . 25 Peak Tracking Total 16 | . 4 1 4 4 5 . 4 6 4 5 2 2 3 5 4 7 3 4 6 5 3 8 3 6 3 5 8 7 . 16 Tactical Retreats 16 | . 1 . 1 . 1 . . . 2 2 . . . . . . . 3 1 2 . . . . . 2 1 . . . Traps | -11 -10 -10 -9 -9 -9 -9 -7 -7 -7 -7 -6 -6 -6 -6 -6 -6 -5 -5 -4 -4 -4 -4 -3 -3 -3 -3 -2 -2 -1 -1 ------- Run | Jun Mat Min Mat Sto Gar Rec Fac Was Fac Gar Fac Was Fac Gar Fac Gar Fac Gar Fac Gar Fac Gar Res Gar Res Gar Res Qua Acc Gar Traps Triggered 44 | . . . . . 2 . 2 . . 7 1 . . 7 . 3 . . 1 . . 5 . 3 . 7 2 . . 4 Indirectly . | . . . . . . . . . . . . . . . . . . . . . . . . . . . . . . . Trap Hack Attempts 14 | . . . . . . . . . . . . . . 7 . . . 7 . . . . . . . . . . . . Triggered . | . . . . . . . . . . . . . . . . . . . . . . . . . . . . . . . Disarmed 1 | . . . . . . . . . . . . . . . . . . 1 . . . . . . . . . . . . Reprogrammed 7 | . 6 . . . . . . . . . . . . 1 . . . . . . . . . . . . . . . . Reused 2 | . 2 . . . . . . . . . . . . . . . . . . . . . . . . . . . . . Traps Extracted . | . . . . . . . . . . . . . . . . . . . . . . . . . . . . . . . Installed . | . . . . . . . . . . . . . . . . . . . . . . . . . . . . . . . Triggered 3 | . 2 . . . . . . . . . . . . . . . . . 1 . . . . . . . . . . . Machines | -11 -10 -10 -9 -9 -9 -9 -7 -7 -7 -7 -6 -6 -6 -6 -6 -6 -5 -5 -4 -4 -4 -4 -3 -3 -3 -3 -2 -2 -1 -1 ---------- Run | Jun Mat Min Mat Sto Gar Rec Fac Was Fac Gar Fac Was Fac Gar Fac Gar Fac Gar Fac Gar Fac Gar Res Gar Res Gar Res Qua Acc Gar Machines Disabled 69 | . . . . . 1 . . . . 5 2 . 5 1 2 3 3 1 8 2 . 6 . 7 1 8 9 3 . 2 Max in Single Turn 2 | . . . . . 1 . . . . 1 . . . 1 . 2 . 1 2 1 . 1 . 1 . 2 . 1 . 1 Garrison Access 3 | . . . . . . . . . . . . . . . . . . . 2 . . . . . . . 1 . . . Garrison Relay 28 | . . . . . 1 . . . . 4 . . . 1 . 1 . 1 . 2 . 5 . 6 . 5 . . . 2 Phase Generator 2 | . . . . . . . . . . . . . . . . 1 . . . . . . . . . 1 . . . . Machines Repaired . | . . . . . . . . . . . . . . . . . . . . . . . . . . . . . . . Machines Sabotaged . | . . . . . . . . . . . . . . . . . . . . . . . . . . . . . . . Overloaded Fab Kills . | . . . . . . . . . . . . . . . . . . . . . . . . . . . . . . . Hacking | -11 -10 -10 -9 -9 -9 -9 -7 -7 -7 -7 -6 -6 -6 -6 -6 -6 -5 -5 -4 -4 -4 -4 -3 -3 -3 -3 -2 -2 -1 -1 --------- Run | Jun Mat Min Mat Sto Gar Rec Fac Was Fac Gar Fac Was Fac Gar Fac Gar Fac Gar Fac Gar Fac Gar Res Gar Res Gar Res Qua Acc Gar Machines Accessed 96 | . 4 . 5 1 2 11 2 . 3 2 . . 2 2 3 3 5 2 13 1 5 3 1 2 4 1 12 6 1 . Terminals 58 | . 4 . 4 . 2 6 1 . 1 2 . . 1 2 1 3 3 2 5 1 1 3 . 2 2 1 7 4 . . Fabricators 6 | . . . . . . . . . . . . . . . . . 1 . 3 . 1 . . . . . 1 . . . Repair Stations 7 | . . . . . . . 1 . . . . . . . . . . . 2 . 1 . . . 1 . 2 . . . Recycling Units 9 | . . . . . . 5 . . 1 . . . . . 1 . . . 1 . 1 . . . . . . . . . Scanalyzers 5 | . . . 1 . . . . . . . . . . . . . . . . . . . . . . . 2 2 . . Garrison Access 11 | . . . . 1 . . . . 1 . . . 1 . 1 . 1 . 2 . 1 . 1 . 1 . . . 1 . Total Hacks 246 | . 15 . 20 1 4 41 6 . 8 3 . . 3 3 7 6 14 3 33 3 8 7 1 5 7 1 32 14 1 . Successful 149 | . 8 . 13 1 3 32 5 . 7 . . . 2 . 5 2 6 1 26 1 7 2 1 2 4 1 11 8 1 . Failed 97 | . 7 . 7 . 1 9 1 . 1 3 . . 1 3 2 4 8 2 7 2 1 5 . 3 3 . 21 6 . . Catastrophic 9 | . . . 1 . . . . . . 2 . . . 1 . . . 1 . . 1 1 . . . . 1 1 . . Database Lockouts . | . . . . . . . . . . . . . . . . . . . . . . . . . . . . . . . Manual 125 | . 8 . 11 . 1 23 2 . 5 3 . . 1 3 5 4 11 3 11 3 2 2 . . 3 . 18 6 . . Terminals 171 | . 15 . 16 . 4 28 2 . 4 3 . . 2 3 4 6 10 3 17 3 1 7 . 5 4 1 23 10 . . Fabricators 12 | . . . . . . . . . . . . . . . . . 3 . 6 . 2 . . . . . 1 . . . Repair Stations 16 | . . . . . . . 4 . . . . . . . . . . . 4 . 2 . . . 2 . 4 . . . Recycling Units 23 | . . . . . . 13 . . 3 . . . . . 2 . . . 3 . 2 . . . . . . . . . Scanalyzers 12 | . . . 4 . . . . . . . . . . . . . . . . . . . . . . . 4 4 . . Garrison Access 12 | . . . . 1 . . . . 1 . . . 1 . 1 . 1 . 3 . 1 . 1 . 1 . . . 1 . Terminal Hacks 50 | . 7 . 4 . 3 13 . . 2 . . . 1 . 1 2 . 1 7 1 . 2 . 2 . 1 1 2 . . Record 1 | . . . . . . . . . . . . . . . . . . . . . . . . . . . . 1 . . Part Schematic 7 | . 2 . . . . 4 . . 1 . . . . . . . . . . . . . . . . . . . . . Prototype ID Bank 10 | . 1 . 1 . . 6 . . . . . . . . . . . . 2 . . . . . . . . . . . Open Door 2 | . . . . . . . . . . . . . . . . 1 . . . . . 1 . . . . . . . . Level Access Points 1 | . . . . . . . . . . . . . . . . . . . 1 . . . . . . . . . . . Branch Access Points 3 | . . . 1 . . . . . . . . . . . . . . . 1 . . . . . . . 1 . . . Emergency Access Points 2 | . . . . . . . . . . . . . . . . . . . . . . . . 1 . . . 1 . . Terminal Index 4 | . . . 1 . . . . . 1 . . . . . 1 . . . 1 . . . . . . . . . . . Garrison Index 1 | . . . . . . . . . . . . . . . . . . . 1 . . . . . . . . . . . Locate Traps 4 | . 3 . . . . . . . . . . . 1 . . . . . . . . . . . . . . . . . Reprogram Traps 1 | . 1 . . . . . . . . . . . . . . . . . . . . . . . . . . . . . Dispatch Records 1 | . . . . . . 1 . . . . . . . . . . . . . . . . . . . . . . . . Hauler Manifests 1 | . . . . . . 1 . . . . . . . . . . . . . . . . . . . . . . . . Registered Components 1 | . . . . . . . . . . . . . . . . . . . 1 . . . . . . . . . . . Registered Prototypes 1 | . . . . . . 1 . . . . . . . . . . . . . . . . . . . . . . . . Zone Layout 1 | . . . 1 . . . . . . . . . . . . . . . . . . . . . . . . . . . Garrison Registry 7 | . . . . . 1 . . . . . . . . . . 1 . 1 . 1 . 1 . 1 . 1 . . . . Patrol Navigation 1 | . . . . . 1 . . . . . . . . . . . . . . . . . . . . . . . . . Security Stations 1 | . . . . . 1 . . . . . . . . . . . . . . . . . . . . . . . . . Fabricator Hacks 8 | . . . . . . . . . . . . . . . . . . . 5 . 2 . . . . . 1 . . . Network Status 2 | . . . . . . . . . . . . . . . . . . . 1 . . . . . . . 1 . . . Load Schematic 3 | . . . . . . . . . . . . . . . . . . . 2 . 1 . . . . . . . . . Build 3 | . . . . . . . . . . . . . . . . . . . 2 . 1 . . . . . . . . . Repair Station Hacks 14 | . . . . . . . 4 . . . . . . . . . . . 4 . 2 . . . 2 . 2 . . . Scan Component 7 | . . . . . . . 2 . . . . . . . . . . . 2 . 1 . . . 1 . 1 . . . Repair 7 | . . . . . . . 2 . . . . . . . . . . . 2 . 1 . . . 1 . 1 . . . Recycling Unit Hacks 12 | . . . . . . 7 . . 1 . . . . . . . . . 3 . 1 . . . . . . . . . Report Inventory 7 | . . . . . . 4 . . 1 . . . . . . . . . 1 . 1 . . . . . . . . . Retrieve Matter 1 | . . . . . . . . . . . . . . . . . . . 1 . . . . . . . . . . . Retrieve Components 4 | . . . . . . 3 . . . . . . . . . . . . 1 . . . . . . . . . . . Scanalyzer 10 | . . . 4 . . . . . . . . . . . . . . . . . . . . . . . 3 3 . . Insert Component 7 | . . . 2 . . . . . . . . . . . . . . . . . . . . . . . 2 3 . . Analyze 3 | . . . 2 . . . . . . . . . . . . . . . . . . . . . . . 1 . . . Garrison Access Hacks 11 | . . . . 1 . . . . 1 . . . 1 . 1 . 1 . 2 . 1 . 1 . 1 . . . 1 . Unlock Access 10 | . . . . 1 . . . . 1 . . . 1 . 1 . 1 . 1 . 1 . 1 . 1 . . . 1 . Seal Access 1 | . . . . . . . . . . . . . . . . . . . 1 . . . . . . . . . . . Unauthorized Hacks 44 | . 1 . 5 . . 12 1 . 3 . . . . . 3 . 5 . 5 . 1 . . . 1 . 4 3 . . Terminals 34 | . 1 . 5 . . 7 1 . 2 . . . . . 2 . 4 . 4 . . . . . 1 . 4 3 . . Track 2 | . . . 1 . . . . . . . . . . . . . 1 . . . . . . . . . . . . . Botnet 26 | . 1 . 3 . . 6 1 . 1 . . . . . 1 . 2 . 3 . . . . . 1 . 4 3 . . Operators 6 | . . . 1 . . 1 . . 1 . . . . . 1 . 1 . 1 . . . . . . . . . . . Fabricators 1 | . . . . . . . . . . . . . . . . . 1 . . . . . . . . . . . . . Download 1 | . . . . . . . . . . . . . . . . . 1 . . . . . . . . . . . . . Repair Stations . | . . . . . . . . . . . . . . . . . . . . . . . . . . . . . . . Recycling Units 8 | . . . . . . 5 . . 1 . . . . . 1 . . . . . 1 . . . . . . . . . Monitor 3 | . . . . . . . . . 1 . . . . . 1 . . . . . 1 . . . . . . . . . Tunnel 5 | . . . . . . 5 . . . . . . . . . . . . . . . . . . . . . . . . Scanalyzers . | . . . . . . . . . . . . . . . . . . . . . . . . . . . . . . . Garrison Access 1 | . . . . . . . . . . . . . . . . . . . 1 . . . . . . . . . . . Broadcast 1 | . . . . . . . . . . . . . . . . . . . 1 . . . . . . . . . . . Data Cores Recovered 1 | . . . . . . . . . . . . . . . 1 . . . . . . . . . . . . . . . Used 1 | . . . . . . . . . . . . . . . 1 . . . . . . . . . . . . . . . Hacking Detections 80 | . 4 . 5 1 2 7 2 . 3 2 . . 2 2 2 2 4 2 10 1 3 3 1 2 3 1 11 4 1 . Full Trace Events 11 | . 1 . . . . 4 . . . . . . . . . . . . . . . . . 1 . . 4 1 . . Feedback Events 1 | . . . . . . . . . . . . . . . . . . . . . . . . . . . 1 . . . Corruption 1 | . . . . . . . . . . . . . . . . . . . . . . . . . . . 1 . . . Feedback Blocked . | . . . . . . . . . . . . . . . . . . . . . . . . . . . . . . . Robot Schematics Acquired . | . . . . . . . . . . . . . . . . . . . . . . . . . . . . . . . Robots Built . | . . . . . . . . . . . . . . . . . . . . . . . . . . . . . . . Authchips . | . . . . . . . . . . . . . . . . . . . . . . . . . . . . . . . Time . | . . . . . . . . . . . . . . . . . . . . . . . . . . . . . . . Total Robot Build Rating . | . . . . . . . . . . . . . . . . . . . . . . . . . . . . . . . Part Schematics Acquired 11 | . 2 . 2 . . 4 . . 1 . . . . . . . 1 . . . . . . . . . 1 . . . Parts Built 5 | . . . . . . . . . . . . . . . . . . . 3 . 2 . . . . . . . . . Authchips . | . . . . . . . . . . . . . . . . . . . . . . . . . . . . . . . Time 193 | . . . . . . . . . . . . . . . . . . . 131 . 62 . . . . . . . . . Total Part Build Rating 17 | . . . . . . . . . . . . . . . . . . . 13 . 4 . . . . . . . . . Parts Repaired 7 | . . . . . . . 2 . . . . . . . . . . . 2 . 1 . . . 1 . 1 . . . Time 126 | . . . . . . . 32 . . . . . . . . . . . 36 . 28 . . . 16 . 14 . . . Parts Recycled . | . . . . . . . . . . . . . . . . . . . . . . . . . . . . . . . Recycled Matter . | . . . . . . . . . . . . . . . . . . . . . . . . . . . . . . . Retrieved Matter . | . . . . . . . . . . . . . . . . . . . . . . . . . . . . . . . Retrieved Components 11 | . . . . . . 8 . . . . . . . . . . . . 3 . . . . . . . . . . . Parts Scanalyzed 3 | . . . 2 . . . . . . . . . . . . . . . . . . . . . . . 1 . . . Part Schematics Acquired 3 | . . . 2 . . . . . . . . . . . . . . . . . . . . . . . 1 . . . Parts Damaged . | . . . . . . . . . . . . . . . . . . . . . . . . . . . . . . . Bothacking | -11 -10 -10 -9 -9 -9 -9 -7 -7 -7 -7 -6 -6 -6 -6 -6 -6 -5 -5 -4 -4 -4 -4 -3 -3 -3 -3 -2 -2 -1 -1 ------------ Run | Jun Mat Min Mat Sto Gar Rec Fac Was Fac Gar Fac Was Fac Gar Fac Gar Fac Gar Fac Gar Fac Gar Res Gar Res Gar Res Qua Acc Gar Used RIF Installer 9 | . . . . . 1 . . . . 1 . . . 1 . 1 . 1 . 1 . 1 . 1 . 1 . . . . Coupler Efficiency 1 | . . . . . . . . . . . . . . . . . . . . . . . . . . 1 . . . . Hotswap 1 | . . . . . . . . . . . . . . . . 1 . . . . . . . . . . . . . . Code Merge 1 | . . . . . . . . . . . . . . . . . . . . . . . . 1 . . . . . . Zone Cloak 1 | . . . . . . . . . . 1 . . . . . . . . . . . . . . . . . . . . Robot Detection 1 | . . . . . . . . . . . . . . . . . . . . 1 . . . . . . . . . . Alert ID Control 1 | . . . . . . . . . . . . . . 1 . . . . . . . . . . . . . . . . Program Shield 1 | . . . . . . . . . . . . . . . . . . . . . . 1 . . . . . . . . Autoassimilate 1 | . . . . . . . . . . . . . . . . . . 1 . . . . . . . . . . . . Robots Hacked 199 | . . . . . . . 4 . 2 7 3 . . 2 5 11 6 6 11 6 5 18 2 21 12 20 44 7 . 7 Non-combat 30 | . . . . . . . 4 . 1 . . . . . 2 . 2 . 5 . 1 1 . . 1 . 11 2 . . Combat 169 | . . . . . . . . . 1 7 3 . . 2 3 11 4 6 6 6 4 17 2 21 11 20 33 5 . 7 Autoassimilated 36 | . . . . . . . . . . . . . . . . . . 1 1 3 . 4 1 7 1 6 9 1 . 2 Robot Hacks Applied 172 | . . . . . . . 7 . 2 7 3 . . 2 5 12 7 5 11 4 5 14 1 14 12 14 35 6 . 6 parse_system 4 | . . . . . . . 1 . . 1 . . . . . . . . . . . . . . . . 1 . . 1 start_evac 1 | . . . . . . . . . . . . . . . . . . . . . . . . . . . 1 . . . find_chute 3 | . . . . . . . 1 . . . . . . . . . 1 . 1 . . . . . . . . . . . ignore_repairs 1 | . . . . . . . . . . . . . . . . . . . . . . . . . . . 1 . . . map_walls 3 | . . . . . . . 1 . . . . . . . 2 . . . . . . . . . . . . . . . find_fabricator 1 | . . . . . . . 1 . . . . . . . . . . . . . . . . . . . . . . . drop_inventory 3 | . . . . . . . 1 . . . . . . . . . . . . . . . . . 1 . 1 . . . locate_stockpiles 3 | . . . . . . . 1 . . . . . . . . . . . . . . . . . 1 . 1 . . . find_recycling 1 | . . . . . . . . . . . . . . . . . . . 1 . . . . . . . . . . . purge_threat 1 | . . . . . . . . . . . . . . . . . 1 . . . . . . . . . . . . . map_route 7 | . . . . . . . 1 . 1 . . . . . . . . . 2 . . . . . . . 2 1 . . mark_security 1 | . . . . . . . . . . . . . . . . . . . 1 . . . . . . . . . . . find_garrison 3 | . . . . . . . . . . . 1 . . . . . . . . . . . 1 . 1 . . . . . tweak_propulsion 1 | . . . . . . . . . . . . . . . . . . . . . . 1 . . . . . . . . scatter_targeting 3 | . . . . . . . . . . 1 . . . . . 1 . 1 . . . . . . . . . . . . mark_system 1 | . . . . . . . . . . . . . . . . . . . . . . . . 1 . . . . . . disrupt_area 5 | . . . . . . . . . . . . . . . . . . 1 . . . . . 2 . . . 1 . 1 spike_heat 2 | . . . . . . . . . . . . . . . . 2 . . . . . . . . . . . . . . amplify_resonance 20 | . . . . . . . . . . 1 1 . . 1 1 2 1 . . . . 1 . 2 1 1 6 2 . . wipe_record 1 | . . . . . . . . . . . . . . . . . . . . 1 . . . . . . . . . . disable_weapons 1 | . . . . . . . . . . . . . . . . . . . . . . . . . . 1 . . . . overwrite_iff 3 | . . . . . . . . . . . . . . . . 1 . . . . . . . . . 1 . . . 1 formatsys_low 7 | . . . . . . . . . . . . . . . . . 1 . 1 . 1 . . . . . 3 1 . . formatsys_high 96 | . . . . . . . . . 1 4 1 . . 1 2 6 3 3 5 3 4 12 . 9 8 11 19 1 . 3 Relay Couplers Released 122 | . . . . . 5 . . . . 18 . . . 4 . 3 . 5 1 8 . 23 . 24 . 21 2 . . 8 Machine Destruction 119 | . . . . . 5 . . . . 15 . . . 4 . 3 . 5 1 8 . 23 . 24 . 21 2 . . 8 Programmers 3 | . . . . . . . . . . 3 . . . . . . . . . . . . . . . . . . . . Attached 54 | . . . . . . . 1 . 1 4 . . . 1 2 3 2 6 2 5 . 9 . 4 . 7 1 1 . 5 Merged Code Value 312 | . . . . . . . . . . . . . . . . . . . . . . . . 165 . 147 . . . . Fabnet Peak Effective % . | . . . . . . . . . . . . . . . . . . . . . . . . . . . . . . . Robots Rewired 19 | . . . 1 . . . . . . . . . . . . 3 . . . . . 6 . 8 . 1 . . . . Allies Hacked 5 | . . . . . . . . . . . . . . . . 1 . 1 . . . 1 . . . . 2 . . . Hacks Repelled . | . . . . . . . . . . . . . . . . . . . . . . . . . . . . . . . Allies | -11 -10 -10 -9 -9 -9 -9 -7 -7 -7 -7 -6 -6 -6 -6 -6 -6 -5 -5 -4 -4 -4 -4 -3 -3 -3 -3 -2 -2 -1 -1 -------- Run | Jun Mat Min Mat Sto Gar Rec Fac Was Fac Gar Fac Was Fac Gar Fac Gar Fac Gar Fac Gar Fac Gar Res Gar Res Gar Res Qua Acc Gar Total Allies 183 | . . . 1 . . . . . 1 6 1 19 . 1 2 11 4 4 7 6 5 22 1 24 9 19 31 3 . 6 Largest Group 22 | . . . 1 1 . . . . 1 4 4 22 22 17 11 14 10 3 2 2 6 21 21 16 22 19 19 6 1 3 Highest-Rated Group 1377 | . . . 15 15 . . . . 32 203 206 855 855 708 484 538 371 101 160 98 262 1124 1137 915 1202 1209 1377 487 10 122 Highest-Rated Ally 178 | . . . 15 15 . . . . 32 80 80 80 80 80 80 85 85 47 137 56 49 116 116 89 89 148 178 173 10 64 Total Orders 25 | . . . . . . . . . . . . . . . . 2 . 4 . 2 . 6 1 . . 8 2 . . . STAY 12 | . . . . . . . . . . . . . . . . 1 . 2 . 1 . 4 . . . 4 . . . . FOLLOW 11 | . . . . . . . . . . . . . . . . 1 . 2 . 1 . 2 1 . . 4 . . . . AID 2 | . . . . . . . . . . . . . . . . . . . . . . . . . . . 2 . . . Ally Attacks 1477 | . . . . 3 . . . . 6 12 24 60 37 101 26 101 39 8 30 12 7 58 62 163 39 150 474 36 . 29 Total Damage 56371 | . . . . 62 . . . . 243 407 766 1929 1979 4320 1266 2902 858 228 940 460 262 2266 2417 6295 1153 4726 20460 1453 . 979 Kills 299 | . . . . . . . . . 2 6 4 4 8 26 9 24 7 1 3 1 2 8 17 27 9 32 102 5 . 2 Allies Corrupted 18 | . . . . . . . . . . . . . . . . . . . . . 1 . . . . 1 15 1 . . Allies Melted 5 | . . . . . . . . . . . . . . . . 2 . . . 1 . . . . . . 2 . . . Intel | -11 -10 -10 -9 -9 -9 -9 -7 -7 -7 -7 -6 -6 -6 -6 -6 -6 -5 -5 -4 -4 -4 -4 -3 -3 -3 -3 -2 -2 -1 -1 ------- Run | Jun Mat Min Mat Sto Gar Rec Fac Was Fac Gar Fac Was Fac Gar Fac Gar Fac Gar Fac Gar Fac Gar Res Gar Res Gar Res Qua Acc Gar Robot Analysis Total . | . . . . . . . . . . . . . . . . . . . . . . . . . . . . . . . Derelict Logs Recovered 1 | . . 1 . . . . . . . . . . . . . . . . . . . . . . . . . . . . Drone Launches . | . . . . . . . . . . . . . . . . . . . . . . . . . . . . . . . Drone Recoveries . | . . . . . . . . . . . . . . . . . . . . . . . . . . . . . . . Exploration | -11 -10 -10 -9 -9 -9 -9 -7 -7 -7 -7 -6 -6 -6 -6 -6 -6 -5 -5 -4 -4 -4 -4 -3 -3 -3 -3 -2 -2 -1 -1 ------------- Run | Jun Mat Min Mat Sto Gar Rec Fac Was Fac Gar Fac Was Fac Gar Fac Gar Fac Gar Fac Gar Fac Gar Res Gar Res Gar Res Qua Acc Gar Turns Passed 24837 | 44 944 1108 810 120 823 1215 648 94 283 1644 169 732 90 1157 449 1194 493 772 2119 602 586 1575 160 1439 483 1331 2672 569 27 485 Spaces Moved 12760 | 19 376 451 268 36 261 495 421 79 151 926 105 374 52 565 259 672 293 399 1021 305 343 867 86 800 285 786 1570 306 14 175 Core 3 | . . . . . . . . . . . . 2 . . . . . . . . . . . . . . 1 . . . Treads 2172 | 19 376 451 268 36 261 494 . . . . . 5 . . . . . . 262 . . . . . . . . . . . Legs . | . . . . . . . . . . . . . . . . . . . . . . . . . . . . . . . Wheels 10585 | . . . . . . 1 421 79 151 926 105 367 52 565 259 672 293 399 759 305 343 867 86 800 285 786 1569 306 14 175 Hover . | . . . . . . . . . . . . . . . . . . . . . . . . . . . . . . . Flight . | . . . . . . . . . . . . . . . . . . . . . . . . . . . . . . . Fastest Speed 120 | 160 160 240 240 240 240 120 120 120 120 120 135 135 165 165 150 150 120 120 120 150 150 150 150 135 135 135 150 135 165 135 Average Speed 163 | 160 205 240 240 240 240 239 120 120 120 134 135 174 165 165 161 150 149 138 163 155 150 150 150 155 149 148 152 157 165 176 Slowest Speed 2100 | 160 240 240 240 240 240 240 165 120 120 135 135 2100 165 165 165 150 165 150 240 165 150 150 150 165 150 165 2000 165 165 180 Overloaded Moves . | . . . . . . . . . . . . . . . . . . . . . . . . . . . . . . . Propulsion Burnouts . | . . . . . . . . . . . . . . . . . . . . . . . . . . . . . . . Robots Hopped . | . . . . . . . . . . . . . . . . . . . . . . . . . . . . . . . Cave-ins Triggered 3 | . . . . . . . . . . . . . . . . . . 3 . . . . . . . . . . . . Exploration Rate (%) 43 | 3 66 98 27 13 39 97 12 79 6 88 5 96 2 78 12 75 9 51 28 46 11 86 3 92 16 90 46 34 2 28 Regions Visited 30 Branch Regions 4 Pre-discovered Areas 6 | . . 1 . . . 5 . . . . . . . . . . . . . . . . . . . . . . . . Known Exits Taken 17 | 1 1 1 1 1 . 1 . . 1 . . . 1 . 1 . 1 . 1 . 1 . 1 . 1 . 1 1 1 . Unknown Exits Taken . | . . . . . . . . . . . . . . . . . . . . . . . . . . . . . . . Scrap Searched 2 | . . 2 . . . . . . . . . . . . . . . . . . . . . . . . . . . . Spaces Dug 147 | . 2 . . . 2 1 . . 2 16 . . . 5 . 3 . 77 10 1 3 6 3 . 3 1 10 2 . . Terrain Destroyed 636 | . 2 . . 2 23 1 50 . 2 46 . 101 . 5 . 76 . 162 33 11 7 7 3 1 3 86 12 3 . . Melee 37 | . . . . . 2 1 . . 2 3 . . . 5 . 3 . 4 10 1 . 5 1 . . . . . . . Projectile 45 | . 2 . . . . . . . . . . . . . . . . 9 2 . 7 2 2 1 3 2 12 3 . . AOE 554 | . . . . 2 21 . 50 . . 43 . 101 . . . 73 . 149 21 10 . . . . . 84 . . . . Terrain Rammed . | . . . . . . . . . . . . . . . . . . . . . . . . . . . . . . . Walls Destroyed . | . . . . . . . . . . . . . . . . . . . . . . . . . . . . . . . Machines Disabled . | . . . . . . . . . . . . . . . . . . . . . . . . . . . . . . . Actions | -11 -10 -10 -9 -9 -9 -9 -7 -7 -7 -7 -6 -6 -6 -6 -6 -6 -5 -5 -4 -4 -4 -4 -3 -3 -3 -3 -2 -2 -1 -1 --------- Run | Jun Mat Min Mat Sto Gar Rec Fac Was Fac Gar Fac Was Fac Gar Fac Gar Fac Gar Fac Gar Fac Gar Res Gar Res Gar Res Qua Acc Gar Total 15647 | 26 479 470 373 52 368 522 534 78 243 1202 124 440 56 732 284 786 336 525 1346 381 400 1092 108 933 335 937 1817 369 18 281 Wait 747 | . 25 2 25 . 13 6 42 . 67 63 . 15 4 29 6 16 5 20 139 10 18 82 11 21 19 1 105 1 . 2 Move 12738 | 18 375 450 267 36 260 494 421 78 151 925 105 373 52 564 259 671 293 396 1021 303 343 866 85 799 285 785 1569 305 14 175 Hop . | . . . . . . . . . . . . . . . . . . . . . . . . . . . . . . . Pick Up 252 | 3 14 5 14 . 12 5 16 . 3 20 2 8 . 6 2 7 4 10 31 11 6 15 1 8 3 14 15 8 . 9 Fast Attach 51 | . 3 1 . . . . 4 . 1 2 1 4 . 5 2 . 2 . 4 . 2 . . 5 3 1 5 6 . . Attach 114 | . 3 1 3 . 3 2 7 . . 7 2 4 . . . 4 7 11 17 3 . 3 2 1 . 7 11 . 3 13 Detach 18 | . . 1 . . . 1 . . . . 1 1 . . . . 1 . 5 2 . 1 . . . 1 2 1 1 . Swap 258 | 2 13 2 14 4 20 6 9 . 9 21 2 5 . 9 5 7 7 13 22 9 6 15 3 10 1 10 14 16 . 4 Drop 210 | . 10 3 15 . 12 7 8 . 4 19 1 14 . 10 4 3 4 . 21 8 7 11 . 8 5 11 16 9 . . Fire 639 | 3 22 2 34 12 30 . 18 . 4 46 10 16 . 6 6 32 9 37 33 16 17 42 4 56 15 36 69 23 . 41 Melee 312 | . 12 . 1 . 18 1 9 . 3 46 . . . 25 . 24 2 26 49 19 . 13 2 12 . 36 . . . 14 Ram . | . . . . . . . . . . . . . . . . . . . . . . . . . . . . . . . Kick . | . . . . . . . . . . . . . . . . . . . . . . . . . . . . . . . Crush 6 | . 2 3 . . . . . . . . . . . . . . . . 1 . . . . . . . . . . . Escape Stasis 253 | . . . . . . . . . . 52 . . . 71 . 21 . 2 . . . 38 . 8 . 32 8 . . 21 Rewire 35 | . . . . . . . . . 1 1 . . . . . 1 2 3 3 . 1 6 . 5 4 3 3 . . 2 Trap 14 | . . . . . . . . . . . . . . 7 . . . 7 . . . . . . . . . . . . Miscellaneous . | . . . . . . . . . . . . . . . . . . . . . . . . . . . . . . . Route ------- -11/Junkyard -10/Materials (discovered 2 exits: *Mat / *Min) -10/Mines (discovered 2 exits: *Mat x2) -9/Materials (discovered 3 exits: *Mat / Min / *Sto) -9/Storage -9/Garrison (discovered 3 exits: *Rec x3) -9/Recycling -7/Factory -7/Waste -7/Factory -7/Garrison (discovered 4 exits: *Fac x3 / *Fac) -6/Factory -6/Waste -6/Factory -6/Garrison (discovered 3 exits: *Fac x3) -6/Factory -6/Garrison (discovered 3 exits: *Fac x3) -5/Factory -5/Garrison (discovered 3 exits: *Fac x3) -4/Factory (discovered 9 exits: *Res x4 / Upp x2 / Ext x2 / Gar) -4/Garrison (discovered 3 exits: *Fac x3) -4/Factory -4/Garrison (discovered 3 exits: *Res x3) -3/Research -3/Garrison (discovered 3 exits: *Res x3) -3/Research (discovered 2 exits: Tes / Gar) -3/Garrison (discovered 4 exits: *Res x3 / *Res) -2/Research (discovered 4 exits: *Acc x2 / *Qua x2) -2/Quarantine -1/Access -1/Garrison History --------- Turn | Location | Event 4 | -11/Junkyard | Identified exit to Materials 4 | -11/Junkyard | Discovered exit to Materials (range 1) 45 | -11/Junkyard | Entered Materials 45 | -10/Materials | Evolved 1 slot: Utility x1 329 | -10/Materials | Build established: Hacker-Mutant 329 | -10/Materials | Identified exit to Materials 329 | -10/Materials | Discovered exit to Materials (range 6) 682 | -10/Materials | Identified exit to Mines 682 | -10/Materials | Discovered exit to Mines (range 10) 989 | -10/Materials | Entered Mines 1023 | -10/Mines | Met a Derelict bent on vengeance 1306 | -10/Mines | Joined a pair of Derelicts in attacking an 0b10 outpost 1881 | -10/Mines | Discovered exit to Materials (range 13) 2066 | -10/Mines | Learned location of Storage (-9) 2066 | -10/Mines | Discovered exit to Materials (range 5) 2097 | -10/Mines | Entered Materials 2097 | -9/Materials | Evolved 2 slots: Utility x2 2452 | -9/Materials | Identified exit to Mines 2452 | -9/Materials | Identified exit to Storage 2552 | -9/Materials | Build established: Scavenger-Mutant 2557 | -9/Materials | Identified exit to Materials 2557 | -9/Materials | Discovered exit to Materials (range 16) 2907 | -9/Materials | Entered Storage 2907 | -9/Storage | Accompanied by 1 ally 2961 | -9/Storage | Build established: Hacker-Mutant 2991 | -9/Storage | Garrison activated, responded to threat 3027 | -9/Storage | Identified exit to Garrison 3027 | -9/Storage | Entered Garrison 3126 | -9/Garrison | Triggered checkpoint 3446 | -9/Garrison | Learned Recycling security intel 3446 | -9/Garrison | Identified exit to Recycling 3446 | -9/Garrison | Discovered exit to Recycling (range 71) 3446 | -9/Garrison | Discovered exit to Recycling (range 51) 3446 | -9/Garrison | Discovered exit to Recycling (range 79) 3468 | -9/Garrison | Garrison Relay disabled 3596 | -9/Garrison | Triggered checkpoint 3785 | -9/Garrison | Installed Relay Interface Framework 3816 | -9/Garrison | Triggered checkpoint 3850 | -9/Garrison | Entered Recycling 5028 | -9/Recycling | Identified exit to Factory 5028 | -9/Recycling | Discovered exit to Factory (range 10) 5065 | -9/Recycling | System corruption reached 10% 5065 | -9/Recycling | Entered Factory 5065 | -7/Factory | Evolved 4 slots: Utility x4 5280 | -7/Factory | Repaired Arm. Wheel 5296 | -7/Factory | Repaired Arm. Wheel 5396 | -7/Factory | Identified exit to Lower Caves 5396 | -7/Factory | Discovered exit to Lower Caves (range 13) 5713 | -7/Factory | Sucked down chute 5713 | -7/Factory | Entered Waste 5724 | -7/Waste | Spotted C-40 Crusher 5728 | -7/Waste | EMP discharged 5743 | -7/Waste | Spotted C-40 Crusher 5745 | -7/Waste | Spotted C-40 Crusher 5757 | -7/Waste | Spotted C-40 Crusher 5758 | -7/Waste | Spotted C-40 Crusher 5763 | -7/Waste | Spotted C-40 Crusher 5794 | -7/Waste | Identified exit to Factory 5794 | -7/Waste | Discovered exit to Factory (range 12) 5807 | -7/Waste | Entered Factory 6090 | -7/Factory | Identified exit to Garrison 6090 | -7/Factory | Entered Garrison 6176 | -7/Garrison | Triggered checkpoint 6245 | -7/Garrison | Identified exit to Factory 6245 | -7/Garrison | Discovered exit to Factory (range 5) 6350 | -7/Garrison | Triggered checkpoint 6458 | -7/Garrison | Garrison Relay disabled 6516 | -7/Garrison | Triggered checkpoint 6625 | -7/Garrison | Identified exit to Factory 6625 | -7/Garrison | Discovered exit to Factory (range 10) 6783 | -7/Garrison | Garrison Relay disabled 7036 | -7/Garrison | Triggered checkpoint 7103 | -7/Garrison | Build established: Bothacker-Mutant 7116 | -7/Garrison | Discovered exit to Factory (range 15) 7118 | -7/Garrison | Triggered checkpoint 7143 | -7/Garrison | Expanded RIF knowledge: Zone Cloak 7212 | -7/Garrison | Triggered checkpoint 7224 | -7/Garrison | Garrison Relay disabled 7246 | -7/Garrison | Found embedded Infiltrators 7298 | -7/Garrison | Triggered checkpoint 7340 | -7/Garrison | Triggered checkpoint 7352 | -7/Garrison | Garrison Relay disabled 7614 | -7/Garrison | Triggered checkpoint 7680 | -7/Garrison | Discovered exit to Factory (range 3) 7734 | -7/Garrison | Entered Factory 7734 | -6/Factory | Accompanied by 3 allies 7734 | -6/Factory | Evolved 2 slots: Utility x2 7866 | -6/Factory | Spotted B-75 Beast 7872 | -6/Factory | Allies destroyed B-75 Beast 7903 | -6/Factory | Sucked down chute 7903 | -6/Factory | Entered Waste 7904 | -6/Waste | Met a frightened Derelict 7920 | -6/Waste | 2 allies followed down the chute 7922 | -6/Waste | Spotted C-40 Crusher 7925 | -6/Waste | 1 allies followed down the chute 7936 | -6/Waste | Spotted C-40 Crusher 7939 | -6/Waste | Crushed by Compactor (1 part destroyed, 1 dropped) 7940 | -6/Waste | Allies destroyed C-40 Crusher 7943 | -6/Waste | Destroyed C-40 Crusher 7962 | -6/Waste | Found Damper Plating 7969 | -6/Waste | Spotted C-40 Crusher 7971 | -6/Waste | Allies destroyed C-40 Crusher 8040 | -6/Waste | Spotted C-40 Crusher 8053 | -6/Waste | Allies destroyed C-40 Crusher 8073 | -6/Waste | Spotted C-40 Crusher 8079 | -6/Waste | Spotted C-40 Crusher 8084 | -6/Waste | Allies destroyed C-40 Crusher 8085 | -6/Waste | Destroyed C-40 Crusher 8254 | -6/Waste | Identified exit to Factory 8254 | -6/Waste | Discovered exit to Factory (range 16) 8299 | -6/Waste | Warlord forces began an assault 8635 | -6/Waste | Entered Factory 8635 | -6/Factory | Accompanied by 22 allies 8681 | -6/Factory | Garrison activated, responded to threat 8721 | -6/Factory | Identified exit to Garrison 8725 | -6/Factory | Entered Garrison 8725 | -6/Garrison | Accompanied by 17 allies 8774 | -6/Garrison | Triggered checkpoint 8816 | -6/Garrison | Garrison Relay disabled 8914 | -6/Garrison | Triggered checkpoint 8942 | -6/Garrison | Triggered checkpoint 8944 | -6/Garrison | Triggered checkpoint 8950 | -6/Garrison | Triggered checkpoint 9044 | -6/Garrison | Identified exit to Factory 9044 | -6/Garrison | Discovered exit to Factory (range 9) 9068 | -6/Garrison | Triggered checkpoint 9304 | -6/Garrison | Triggered checkpoint 9370 | -6/Garrison | Triggered checkpoint 9388 | -6/Garrison | Expanded RIF knowledge: Alert ID Control 9446 | -6/Garrison | Discovered exit to Factory (range 13) 9750 | -6/Garrison | Triggered checkpoint 9847 | -6/Garrison | Discovered exit to Factory (range 12) 9882 | -6/Garrison | Entered Factory 9882 | -6/Factory | Accompanied by 11 allies 10232 | -6/Factory | First assault squad dispatched 10259 | -6/Factory | Garrison activated, responded to threat 10329 | -6/Factory | Identified exit to Garrison 10331 | -6/Factory | Entered Garrison 10331 | -6/Garrison | Accompanied by 11 allies 10390 | -6/Garrison | Triggered checkpoint 10418 | -6/Garrison | Triggered checkpoint 10597 | -6/Garrison | Spotted B-75 Beast 10605 | -6/Garrison | Assimilated Beast 5a with formatsys_high 10704 | -6/Garrison | Triggered checkpoint 10760 | -6/Garrison | Expanded RIF knowledge: Hotswap 10833 | -6/Garrison | Garrison Relay disabled 10902 | -6/Garrison | Identified exit to Factory 10902 | -6/Garrison | Discovered exit to Factory (range 12) 11080 | -6/Garrison | Phase Generator disabled 11110 | -6/Garrison | Discovered exit to Factory (range 9) 11139 | -6/Garrison | Build established: Botlord-Mutant 11142 | -6/Garrison | Triggered checkpoint 11170 | -6/Garrison | Rescued a captive Derelict 11201 | -6/Garrison | Discovered exit to Factory (range 21) 11201 | -6/Garrison | Discovered exit to Factory (range 61) 11201 | -6/Garrison | Discovered exit to Factory (range 22) 11250 | -6/Garrison | Triggered checkpoint 11274 | -6/Garrison | Triggered checkpoint 11525 | -6/Garrison | Entered Factory 11525 | -5/Factory | Accompanied by 7 allies 11525 | -5/Factory | Evolved 2 slots: Utility x2 11940 | -5/Factory | Spotted B-75 Beast 11943 | -5/Factory | Assimilated Beast 6a with formatsys_high 12013 | -5/Factory | Identified exit to Garrison 12018 | -5/Factory | Entered Garrison 12018 | -5/Garrison | Accompanied by 2 allies 12050 | -5/Garrison | Triggered checkpoint 12146 | -5/Garrison | Identified exit to Factory 12146 | -5/Garrison | Discovered exit to Factory (range 42) 12146 | -5/Garrison | Discovered exit to Factory (range 72) 12146 | -5/Garrison | Discovered exit to Factory (range 50) 12181 | -5/Garrison | Garrison Relay disabled 12461 | -5/Garrison | Crushed by falling debris 12465 | -5/Garrison | Crushed by falling debris 12489 | -5/Garrison | Spotted B-75 Beast 12496 | -5/Garrison | Lost 6 parts (5u1w) 12561 | -5/Garrison | Expanded RIF knowledge: Autoassimilate 12626 | -5/Garrison | Triggered checkpoint 12631 | -5/Garrison | Crushed by falling debris 12632 | -5/Garrison | System corruption reached 10% 12662 | -5/Garrison | Lost 3 parts (3u) 12711 | -5/Garrison | Spotted B-75 Beast 12725 | -5/Garrison | Found Relay Coupler [Proto] 12727 | -5/Garrison | Found Relay Coupler [Proto] 12778 | -5/Garrison | Lost 3 parts (1n2u) 12790 | -5/Garrison | Entered Factory 12790 | -4/Factory | Evolved 2 slots: Utility x2 12818 | -4/Factory | Identified exit to Upper Caves 12818 | -4/Factory | Identified exit to Extension 13312 | -4/Factory | Repaired Antimatter Reactor 13481 | -4/Factory | Cargo convoy interrupted 13660 | -4/Factory | Fabricated Enh. Nova Cannon? 13687 | -4/Factory | Repaired Arm. Wheel? 13711 | -4/Factory | Found Hvy. Reactive Plating 14025 | -4/Factory | Identified exit to Research 14025 | -4/Factory | Discovered exit to Research (range 6) 14312 | -4/Factory | Spotted B-86 Titan 14696 | -4/Factory | Fabricated Arm. Wheel (x2) 14909 | -4/Factory | Identified exit to Garrison 14909 | -4/Factory | Entered Garrison 14909 | -4/Garrison | Accompanied by 1 ally 14996 | -4/Garrison | Triggered checkpoint 15029 | -4/Garrison | Garrison Relay disabled 15073 | -4/Garrison | Identified exit to Factory 15073 | -4/Garrison | Discovered exit to Factory (range 45) 15073 | -4/Garrison | Discovered exit to Factory (range 61) 15073 | -4/Garrison | Discovered exit to Factory (range 39) 15084 | -4/Garrison | Triggered checkpoint 15085 | -4/Garrison | Spotted B-86 Titan 15096 | -4/Garrison | Triggered checkpoint 15271 | -4/Garrison | Heavy support dispatched to Factory 15339 | -4/Garrison | Expanded RIF knowledge: Robot Detection 15382 | -4/Garrison | Triggered checkpoint 15398 | -4/Garrison | Garrison Relay disabled 15511 | -4/Garrison | Entered Factory 15511 | -4/Factory | Accompanied by 2 allies 15624 | -4/Factory | Fabricated Arm. Wheel? 15634 | -4/Factory | Repaired Imp. Shock Absorption System? 15833 | -4/Factory | Spotted B-86 Titan 16094 | -4/Factory | Identified exit to Garrison 16097 | -4/Factory | Entered Garrison 16097 | -4/Garrison | Accompanied by 6 allies 16186 | -4/Garrison | Expanded RIF knowledge: Program Shield 16201 | -4/Garrison | Garrison Relay disabled 16383 | -4/Garrison | Spotted B-86 Titan 16386 | -4/Garrison | Triggered checkpoint 16389 | -4/Garrison | Triggered checkpoint 16396 | -4/Garrison | Assimilated Titan 7a with formatsys_high 16508 | -4/Garrison | Discovered exit to Research (range 11) 16508 | -4/Garrison | Discovered exit to Research (range 40) 16508 | -4/Garrison | Discovered exit to Research (range 75) 16582 | -4/Garrison | Triggered checkpoint 16601 | -4/Garrison | Garrison Relay disabled 16643 | -4/Garrison | Garrison Relay disabled 16748 | -4/Garrison | Triggered checkpoint 16782 | -4/Garrison | Triggered checkpoint 16825 | -4/Garrison | Garrison Relay disabled 17020 | -4/Garrison | Triggered checkpoint 17070 | -4/Garrison | Triggered checkpoint 17085 | -4/Garrison | Garrison Relay disabled 17672 | -4/Garrison | Entered Research 17672 | -3/Research | Accompanied by 20 allies 17672 | -3/Research | Evolved 2 slots: Utility x2 17710 | -3/Research | Garrison activated, responded to threat 17802 | -3/Research | Identified exit to Garrison 17832 | -3/Research | Entered Garrison 17832 | -3/Garrison | Accompanied by 11 allies 17857 | -3/Garrison | Spotted B-86 Titan 17888 | -3/Garrison | Triggered checkpoint 17945 | -3/Garrison | Expanded RIF knowledge: Code Merge 18003 | -3/Garrison | Garrison Relay disabled 18156 | -3/Garrison | Spotted B-86 Titan 18156 | -3/Garrison | Triggered checkpoint 18170 | -3/Garrison | Triggered checkpoint 18189 | -3/Garrison | Triggered checkpoint 18194 | -3/Garrison | Triggered checkpoint 18385 | -3/Garrison | Garrison Relay disabled 18404 | -3/Garrison | Triggered checkpoint 18440 | -3/Garrison | Identified exit to Research 18440 | -3/Garrison | Discovered exit to Research (range 16) 18466 | -3/Garrison | Garrison Relay disabled 18599 | -3/Garrison | Triggered checkpoint 18635 | -3/Garrison | Garrison Relay disabled 18743 | -3/Garrison | Discovered exit to Research (range 11) 18780 | -3/Garrison | Triggered checkpoint 18814 | -3/Garrison | Garrison Relay disabled 18885 | -3/Garrison | Discovered exit to Research (range 12) 18885 | -3/Garrison | Discovered exit to Research (range 46) 18885 | -3/Garrison | Discovered exit to Research (range 67) 19096 | -3/Garrison | Found Hvy. Reflective Plating 19211 | -3/Garrison | Garrison Relay disabled 19271 | -3/Garrison | Entered Research 19271 | -3/Research | Accompanied by 16 allies 19308 | -3/Research | Repaired Hvy. Reactive Plating 19417 | -3/Research | Found Exp. Thermal Defense Suite 19624 | -3/Research | Identified exit to Testing 19624 | -3/Research | Discovered exit to Testing (range 14) 19746 | -3/Research | Identified exit to Garrison 19753 | -3/Research | Garrison activated, responded to threat 19754 | -3/Research | Entered Garrison 19754 | -3/Garrison | Accompanied by 16 allies 19793 | -3/Garrison | Triggered checkpoint 19809 | -3/Garrison | Garrison Relay disabled 19856 | -3/Garrison | Triggered checkpoint 19857 | -3/Garrison | Spotted B-86 Titan 19863 | -3/Garrison | Allies destroyed B-86 Titan 19889 | -3/Garrison | Triggered checkpoint 19890 | -3/Garrison | Triggered checkpoint 19905 | -3/Garrison | Triggered checkpoint 19993 | -3/Garrison | Identified exit to Research 19993 | -3/Garrison | Discovered exit to Research (range 10) 20033 | -3/Garrison | Phase Generator disabled 20061 | -3/Garrison | Expanded RIF knowledge: Coupler Efficiency 20097 | -3/Garrison | Garrison Relay disabled 20102 | -3/Garrison | Triggered checkpoint 20172 | -3/Garrison | Spotted B-86 Titan 20176 | -3/Garrison | Garrison Relay disabled 20176 | -3/Garrison | Assimilated Titan 8a with formatsys_high 20370 | -3/Garrison | Discovered exit to Research (range 13) 20376 | -3/Garrison | Triggered checkpoint 20384 | -3/Garrison | Identified exit to Research 20384 | -3/Garrison | Discovered exit to Research (range 6) 20416 | -3/Garrison | Spotted B-75 Beast 20427 | -3/Garrison | Allies destroyed B-75 Beast 20428 | -3/Garrison | Rewired B-90 Cyclops 20456 | -3/Garrison | Triggered checkpoint 20482 | -3/Garrison | Garrison Relay disabled 20529 | -3/Garrison | Discovered exit to Research (range 70) 20529 | -3/Garrison | Discovered exit to Research (range 15) 20529 | -3/Garrison | Discovered exit to Research (range 67) 20529 | -3/Garrison | Discovered exit to Research (range 36) 20754 | -3/Garrison | Triggered checkpoint 20772 | -3/Garrison | Spotted Executioner 20772 | -3/Garrison | Spotted Executioner 20798 | -3/Garrison | Assimilated Executioner with formatsys_high 20798 | -3/Garrison | Assimilated Executioner with formatsys_high 20842 | -3/Garrison | Garrison Relay disabled 21085 | -3/Garrison | Entered Research 21085 | -2/Research | Accompanied by 17 allies 21085 | -2/Research | Evolved 2 slots: Utility x2 21568 | -2/Research | Found Hvy. Reflective Plating 21601 | -2/Research | Spotted B-90 Cyclops 21609 | -2/Research | Assimilated Cyclops 9a with formatsys_high 21615 | -2/Research | Garrison activated, responded to threat 21650 | -2/Research | Spotted B-90 Cyclops 21672 | -2/Research | Assimilated Cyclops 9b with formatsys_high 21880 | -2/Research | Spotted B-90 Cyclops 21993 | -2/Research | Identified exit to Access 21993 | -2/Research | Discovered exit to Access (range 18) 22422 | -2/Research | P-80 Master assimilated allied HC-3VG(h) 22867 | -2/Research | Cargo convoy interrupted 22868 | -2/Research | Spotted Striker 22878 | -2/Research | Allies destroyed Striker 22892 | -2/Research | Found Prototype Device 22893 | -2/Research | Identified Exp. Shock Absorption System 23068 | -2/Research | Spotted B-90 Cyclops 23090 | -2/Research | Allies destroyed B-90 Cyclops 23134 | -2/Research | Discovered exit to Access (range 23) 23355 | -2/Research | Repaired Broken Arm. Wheel 23552 | -2/Research | Identified exit to Quarantine 23757 | -2/Research | Entered Quarantine 23757 | -2/Quarantine | Accompanied by 5 allies 24002 | -2/Quarantine | Discovered exit to Access (range 4) 24023 | -2/Quarantine | Found Alien Artifact 24046 | -2/Quarantine | Identified Phase Redirector 24078 | -2/Quarantine | Found Alien Artifact 24213 | -2/Quarantine | Identified Subatomic Replicator 24248 | -2/Quarantine | Found Prototype Device 24248 | -2/Quarantine | Identified Active Sensor Suite 24290 | -2/Quarantine | Found Alien Energy Cannon 24290 | -2/Quarantine | Identified Core Cannon 24326 | -2/Quarantine | Entered Access 24326 | -1/Access | Accompanied by 1 ally 24326 | -1/Access | Evolved 2 slots: Utility x2 24353 | -1/Access | Identified exit to Garrison 24353 | -1/Access | Entered Garrison 24353 | -1/Garrison | Accompanied by 1 ally 24378 | -1/Garrison | Triggered checkpoint 24432 | -1/Garrison | Triggered checkpoint 24495 | -1/Garrison | Lost 11 parts (1p2n7u1w) 24563 | -1/Garrison | Garrison Relay disabled 24631 | -1/Garrison | Garrison Relay disabled 24768 | -1/Garrison | Spotted B-99 Colossus 24768 | -1/Garrison | Spotted B-99 Colossus 24833 | -1/Garrison | Spotted B-99 Colossus 24837 | -1/Garrison | Triggered checkpoint 24838 | -1/Garrison | Self-destructed Last Messages --------------- 24821_ Field strength at 60. 24822_ Field strength at 50. 24823_ Field strength at 40. 24824_ Field strength at 30. 24825_ Field strength at 20. 24826_ Field strength at 10. 24827_ Stasis field depleted. 24832_ Slug penetrates S-43 Plague. 24836_ Adv. Remote Datajack destroyed. 24836_ Triggered Stasis Trap. 24836_ A bubble of rippling energy engulfs the area. 24836_ Field strength at 90. 24837_ RIF automatically installing new Plague 10a system data, ETC: 6. 24837_ RIF automatically installing new Plague 10b system data, ETC: 6. 24837_ Slug penetrates Wall. 24837_ Slug penetrates Plague 10b. 24837_ Plague 10b destroyed. 24837_ Slug penetrates Wall. 24837_ Plague 10a destroyed. 24837_ Lgt. Quantum Reactor destroyed. Map ----- +----------------------------------------------------+ | ?????????????????????????????????????????????????? | | ?????????????????????????????????????????????????? | | ?????????????????????????????????????????????????? | | ?????????????????????????????????????????????????? | | ?????????????????????#???????????????????????????? | | ?????????????????????# ??????????????????????????? | | ?????????????????????# ??????????????????????????? | | ?????????????????????# ??s??s????????????????????? | | ?????????????????????# ???????????Y??????????????? | | ???????????????#?????# ??????????????????????????? | | ???????????????# ??d?# s?????????????????????????? | | ???????????##### ???##ss?????????????????????????? | | ???????????? ??[%* ?????????????????????????? | | ????????????? ??==%??????????hh?????????????? | | ?????????????? ??=* s????????????????????????? | | ???????????????# ?# s????????????????????????? | | ???????????????# ## s????????????????????????? | | ?????????s?????? s????????????????????????? | | ?????????s" ?????? ????????????????????????? | | ?????????s? ????? ????????????????????????? | | ?????????s??? ???? ????????????????????????? | | ???????????????# ???# ????????????????????????? | | ??????????# ## ## ############????????????? | | ??????????# sssss #????????????? | | ??????????# Y^ #?###????????? | | ??????????# @ ^ #? #????????? | | ??????????# ##""""########;#### #?# #????????? | | ????????????????ssss?# #??# #??# #?# #????????? | | ?????????????????????# #??# #??# #?# #????????? | | ?????????????????????# #??# #??# #?# #????????? | | ?????????????????????# #??# #??# ###"##???????? | | ?????????????????????# #??# #??# ## #???????? | | ?????????????????????# #### #### ## ##### ### | | ?????????????????????# + | | ?????????????????????# " | | ?????????????????????# ######### ###+########## | | ?????????????????????# #???????# #?#=#????????? | | ?????????????????????# #???????# #?#=#????????? | | ?????????????????????# #???????# #?#%#????????? | | ?????????????????????# #???????# /###%########## | | ????????????????????? ]???????# %=== %*=%!^! | | ????????????????????? ]???????# =!%[[[*[=! | | ???????????????????? ]???????# ##%*[##### ### | | ???????????????????? ???????# ##=%[#???# #?? | | ??????????????????? !???????# ###%##???# ##? | | ??????????????????? !???????# #?#!#????# %#? | | ??????????????????? !???????# #?# #????# =#? | | ??????????????????#######???????# #?# #????# =#? | | ????????????????????????????????# ### #????####? | | ????????????????????????????????# " #????????? | +----------------------------------------------------+ Best States ------------- Heat Dissipation 109 Coolant Potential 100 Energy Generation 33 Energy Capacity 325 Matter Stores 300 Matter Capacity 300 Sight Range 23 Terrain Scan Range 24 Terrain Scan Density 110 Jamming Range 16 Cloak Strength 3 Power Amplification 40 Additional Mass Support 9 Armor Coverage 1600 Resistance: KI 75 Resistance: TH 65 Resistance: EX 100 Resistance: EM 100 Resistance: I 35 Resistance: S 35 Resistance: P 35 Utility Shielding 66 Weapon Shielding 33 Point Defense Rating 80 Evasion (%) 40 Targeting Accuracy 5 Recoil Reduction 2 Energy Filtering 30 Particle Charging 25 Offensive Hacking 30 Defensive Hacking 14 Relay Coupler Types 12 Relay Coupler Value 626 Authchip Count 2 Item Schematics ----------------- Cargo Storage Unit | -10/Materials | Hacked Datajack | -10/Materials | Hacked Weapon Shielding | -9/Materials | Scanalyzed Visual Processing Unit | -9/Materials | Scanalyzed Flail | -9/Recycling | Hacked Imp. Datajack | -9/Recycling | Hacked Arm. Wheel | -9/Recycling | Hacked Rnf. Ion Engine | -9/Recycling | Hacked Gravity Neutralizer | -7/Factory | Hacked Enh. Nova Cannon | -5/Factory | Downloaded Adv. System Restoration Module | -2/Research | Scanalyzed Robot Schematics ------------------ None Fabricated ------------ Enh. Nova Cannon | x1 | -4/Factory Arm. Wheel | x2 | -4/Factory Arm. Wheel | x2 | -4/Factory Alien Tech Used ----------------- Phase Redirector Core Cannon Achievements -------------- Below Challenges ------------ None Game ------ Seed NavigationMeleeWell Manual? 0 Play Time 09:17:43 Cumulative 201.3 hours Start 2024.01.13 @ 09:53:18 End 2024.01.15 @ 10:16:06 Sessions 5 Manual Loads 0 Difficulty Explorer Special Mode None Game No. 34 Rogue 19 Adventurer 11 Explorer 4 Win Type - Total 5 Types 5/0/0/0/0/0/0/0/0 Lore% 49 Gallery% 76 Achievement% 63 Wizard Run 0 Options --------- ASCII 0 Keyboard 0 Movement Mouse Keybinds 0 Fullscreen 2 Font 18/SmallcapsGlow Map View 76x50 Tactical HUD 1 Map Filters NONE Filters NONE Steam 1 RUN: 4123245f-7e2f-45ee-8181-6e82b1df19ae